 Dungeon Crawl Stone Soup version 0.22.1-2-g9c5b331383 (webtiles) character file.

248 Peloso the Shield-Bearer (level 5, -3/47 HPs)
             Began as a Minotaur Fighter on Dec 24, 2018.
             Killed by divine providence
             ... invoked by an orc priest
              (13 damage)
             ... on level 4 of the Dungeon.
             The game lasted 00:05:04 (2862 turns).

Peloso the Shield-Bearer (Minotaur Fighter)         Turns: 2862, Time: 00:05:05

Health: -3/47      AC: 16    Str: 21    XL:     5   Next: 86%
Magic:  4/4        EV:  4    Int:  5    God:
Gold:   206        SH: 13    Dex: 10    Spells: 4/4 levels left

rFire    x . .     SeeInvis .   a - +0 long sword
rCold    + . .     Gourm    .   c - +0 shield
rNeg     . . .     Faith    .   y - +0 plate armour
rPois    .         Spirit   .   v - +1 hat
rElec    .         Reflect  +   w - +2 cloak
rCorr    .         Harm     .   (no gloves)
MR       .....                  (no boots)
Stlth    ..........             l - +3 amulet of reflection
HPRegen  0.15/turn              x - ring of ice
MPRegen  0.09/turn              (no ring)

@: slowed, very slow
A: retaliatory headbutt, horns 2
a: no special abilities


You were on level 4 of the Dungeon.
You were hungry.

You visited 1 branch of the dungeon, and saw 4 of its levels.

You collected 206 gold pieces.

Inventory:

Hand Weapons
 a - a +0 long sword (weapon)
 p - a cursed -1 dagger
Armour
 b - a +0 scale mail
 c - a +0 shield (worn)
 v - a +1 hat (worn)
 w - a +2 cloak (worn)
 y - a +0 plate armour (worn)
Jewellery
 g - an uncursed amulet of rage
 l - a +3 amulet of reflection (around neck)
 x - a ring of ice (left hand)
Scrolls
 e - 4 scrolls of enchant weapon {unknown}
 h - 9 scrolls of identify {unknown}
 k - 2 scrolls of teleportation {unknown}
 m - a scroll of fear {unknown}
 n - a scroll of fog {unknown}
 o - a scroll of immolation {unknown}
 r - a scroll of blinking {unknown}
 z - a scroll of remove curse {unknown}
Potions
 d - 3 potions of might
 i - 2 potions of curing {unknown}
 j - a potion of magic {unknown}
 q - 3 potions of degeneration {unknown}
 s - a potion of brilliance {unknown}
 t - a potion of haste {unknown}
 u - a potion of lignification {unknown}
 A - a potion of invisibility {unknown}
Comestibles
 f - 6 rations


   Skills:
 + Level 4.6 Fighting
 + Level 4.8 Long Blades
 + Level 4.5 Armour
 + Level 1.3 Dodging
 + Level 5.0 Shields


You had 4 spell levels left.
You didn't know any spells.
Your spell library was empty.

Dungeon Overview and Level Annotations

Branches:
Dungeon (4/15)
 Temple: D:4-7

Altars:
Ashenzari

Annotations:
D:4 3 runed doors, purescai's ghost, amateur TrFi


Innate Abilities, Weirdness & Mutations

You reflexively headbutt those who attack you in melee.
You have a pair of horns on your head.


Message History

The orc wizard hits you but does no damage.
The orc wizard casts a spell at you. The magic dart hits you!
You hit the orc wizard.
The orc wizard is severely wounded.
You are feeling hungry.
The orc wizard hits you with a dagger. You block the orc wizard's attack. x2
The orc wizard hits you but does no damage.
You block the orc wizard's attack. The orc wizard barely misses you.
You barely miss the orc wizard. Your headbutt misses the orc wizard.
The orc wizard is severely wounded.
The orc wizard hits you but does no damage.
The orc wizard casts a spell at you. The magic dart hits you!
* * * LOW HITPOINT WARNING * * *
You block the orc wizard's attack.
The orc wizard hits you but does no damage.
The orc priest invokes the aid of Beogh against you.
Beogh smites you!
You die...

.......# ......#
.....################
o......)...........>#
.<.o#######.######.#
..oo# #.##.....#
###.#o# #.##......
.(.#@# #.##...... #.#o#
#.##(..... #...#
#.##...... ##..#
#.##...... #..#
#.##...... #.####.##
#.##...... #.......#
####.#####..#
#######.###.........(.#
#...............##


You could see 2 orc priests, 2 orc wizards and an orc.

Vanquished Creatures
  A big kobold (D:3)
  Crazy Yiuf (D:3)
  Jessica (D:2)
  2 adders
  3 worms
  2 dart slugs
  5 leopard geckos
  6 orcs
  3 giant cockroaches (D:1)
  11 hobgoblins
  7 jackals
  13 bats
  7 frilled lizards
  9 goblins
  7 kobolds
  6 rats
84 creatures vanquished.

Vanquished Creatures (others)
  A goblin (D:3)
1 creature vanquished.

Grand Total: 85 creatures vanquished

Notes
Turn   | Place    | Note
-------+----------+-------------------------------------------
     0 | D:1      | Peloso the Minotaur Fighter began the quest for the Orb.
     0 | D:1      | Reached XP level 1. HP: 19/19 MP: 0/0
   108 | D:1      | Reached XP level 2. HP: 24/27 MP: 1/1
   182 | D:1      | Reached skill level 4 in Shields
   785 | D:2      | Reached XP level 3. HP: 24/33 MP: 2/2
  1230 | D:2      | Noticed Jessica
  1234 | D:2      | Reached XP level 4. HP: 41/41 MP: 3/3
  1235 | D:2      | Killed Jessica
  1435 | D:3      | Noticed a big kobold
  1442 | D:3      | Killed a big kobold
  1442 | D:3      | Reached skill level 1 in Dodging
  1442 | D:3      | Reached XP level 5. HP: 41/47 MP: 4/4
  1452 | D:3      | Found a shattered altar of Ashenzari.
  1545 | D:3      | Found a runed door.
  1549 | D:3      | Noticed Crazy Yiuf
  1563 | D:3      | Killed Crazy Yiuf
  2181 | D:3      | Reached skill level 5 in Shields
  2321 | D:3      | Found a faded altar of an unknown god.
  2632 | D:4      | Found a runed gate.
  2632 | D:4      | Found a runed gate.
  2632 | D:4      | Found a runed gate.
  2634 | D:4      | Noticed purescai's ghost (amateur TrFi)
  2862 | D:4      | Killed from afar by an orc priest

Skill      XL: |  1  2  3  4  5 |
---------------+----------------+-----
Fighting       | 4 |  4.6
Shields        | 4 5 |  5.0
Armour         | 4 |  4.5
Long Blades    | 4 |  4.8
Dodging        | 1 |  1.3

Action                   |  1- 3 |  4- 6 || total
-------------------------+-------+-------++-------
Melee: Long sword        |    89 |   112 ||   201
       Headbutt          |    14 |    17 ||    31
  Eat: Chunk             |     1 |     5 ||     6
Armor: Scale mail        |    42 |    47 ||    89
       Plate armour      |       |    22 ||    22
Dodge: Dodged            |    32 |    43 ||    75
Block: Shield            |    65 |   108 ||   173
       Reflection        |       |     6 ||     6
       Rpst.: Long sword |     7 |    11 ||    18
